 Dungeon Crawl Stone Soup version 0.23.2-11-gf996548 (webtiles) character file.

Game seed: 976464966300921174

60 Fang the Skirmisher (level 4, -1/43 HPs)
             Began as a Gargoyle Berserker on June 6, 2019.
             Was a Follower of Trog.
             Slain by Terence
             ... wielding a +0 flail
              (6 damage)
             ... on level 2 of the Dungeon.
             The game lasted 00:01:23 (1092 turns).

Fang the Skirmisher (Gargoyle Berserker)            Turns: 1092, Time: 00:01:24

Health: -1/43      AC:  5    Str: 27    XL:     4   Next: 6%
Magic:  4/4        EV: 12    Int:  7    God:    Trog [*.....]
Gold:   21         SH:  0    Dex:  9    Spells: 3/3 levels left

rFire    . . .     SeeInvis .   a - +0 hand axe
rCold    . . .     Gourm    .   (no shield)
rNeg     + . .     Faith    .   b - +0 animal skin
rPois    ∞         Spirit   .   (no helmet)
rElec    +         Reflect  .   (no cloak)
rCorr    .         Harm     .   (no gloves)
MR       .....                  (no boots)
Stlth    ..........             (no amulet)
HPRegen  0.14/turn              (no ring)
MPRegen  0.09/turn              (no ring)

@: berserking, very quick
A: negative energy resistance 1, electricity resistance, unbreathing,
petrification resistance, rot immunity, AC +3
a: Berserk, Renounce Religion


You were on level 2 of the Dungeon.
You worshipped Trog.
Trog was aware of your devotion.
You were hungry.

You visited 1 branch of the dungeon, and saw 2 of its levels.

You collected 21 gold pieces.

Inventory:

Hand Weapons
 a - a +0 hand axe (weapon)
Armour
 b - a +0 animal skin (worn)
Jewellery
 h - an uncursed ring of see invisible {unknown}
Scrolls
 e - a scroll of noise {unknown}
Potions
 d - a potion of agility {unknown}
 f - a potion of cancellation {unknown}
Comestibles
 c - 3 rations
 g - 3 chunks of flesh


   Skills:
 + Level 3.8 Fighting
 + Level 3.2 Axes
 + Level 3.0 Armour
 + Level 2.1 Dodging


You had 3 spell levels left.
You didn't know any spells.
Your spell library was empty.

Dungeon Overview and Level Annotations

Branches:
Dungeon (2/15)

Altars:

Annotations:
D:2 Terence


Innate Abilities, Weirdness & Mutations

You are resistant to torment.
Your stone body is resilient. (AC +3)
You are immune to poison.
You resist negative energy. (rN+)
You are resistant to electric shocks. (rElec)
You can survive without breathing.
You are immune to petrification.
You are immune to rotting.


Message History

You feel yourself moving faster!
You feel mighty!
You are feeling hungry.
The adder bites you. The adder closely misses you. The worm bites you!
* * * LOW HITPOINT WARNING * * *
You hit Terence.
Terence is moderately wounded.
You closely miss the adder. You slash the adder!
You kill the adder!
Trog accepts your kill.
Your Armour skill increases to level 3!
You have reached level 4!
You feel stronger.
You hit the worm. Terence hits you with a +0 flail.
* * * LOW HITPOINT WARNING * * *
The adder barely misses you.
You barely miss Terence.
Terence is moderately wounded.
You closely miss the adder. You hit the worm. The adder closely misses you.
Terence hits you with a +0 flail.
You die...

..... # .... #
.###.#.# .##
.#....###.
..###.........
#.#..g....#
##...S@w..###.
#.....@.......
#.###.#.####.# ###
#.....#.### ..#
###.......# #.#
#..###.#.# #.#
#.........
####<#####.##.......
#.....)....#
.###..##
#.##.##.#### . ..#


You could see Terence, a worm, an adder and a hobgoblin.

Vanquished Creatures
  Jessica (D:2)
  An adder (D:2)
  A dart slug (D:1)
  A leopard gecko (D:1)
  2 bats (D:1)
  2 giant cockroaches (D:1)
  4 goblins
  3 hobgoblins
  2 frilled lizards (D:1)
  4 kobolds (D:1)
  3 rats (D:1)
24 creatures vanquished.

Notes
Turn   | Place    | Note
-------+----------+-------------------------------------------
     0 | D:1      | Fang the Gargoyle Berserker began the quest for the Orb.
     0 | D:1      | Reached XP level 1. HP: 14/14 MP: 1/1
   100 | D:1      | Reached XP level 2. HP: 9/19 MP: 2/2
  1066 | D:2      | Reached XP level 3. HP: 21/23 MP: 3/3
  1081 | D:2      | Noticed Jessica
  1083 | D:2      | Noticed Terence
  1087 | D:2      | Killed Jessica
  1091 | D:2      | Reached XP level 4. HP: 7/29 MP: 4/4
  1092 | D:2      | Slain by Terence

Skill      XL: |  1  2  3 |
---------------+----------+-----
Axes           | 3 |  3.2
Dodging        | 2 |  2.1
Armour         | 3 |  3.0
Fighting       | |  3.8

Action                   |  1- 3 |  4- 6 || total
-------------------------+-------+-------++-------
Melee: Hand axe          |    79 |     1 ||    80
Invok: Berserk           |     1 |       ||     1
  Eat: Chunk             |     1 |       ||     1
Armor: Animal skin       |    18 |       ||    18
Dodge: Dodged            |    43 |     2 ||    45
